AoeStats
← Irving Legend

Arabia

503613255Analyzed
1v1 RM · 1mo ago on Sep 1, 2026· 50m 26s· 2 players
Game mode
Random Map
Map size
Tiny (2 player)
Population
200
Speed
Normal
Resources
Standard
Victory
Conquest
Starting age
Dark Age
Ending age
Imperial Age
RankedLock teamsTeams togetherTeam positionsShared explorationLock speedFull tech treeHidden civsTurbo modeCheats
Victory
Defeat
🇨🇦 Romans · Canada
1154
+17
🇸🇮 Khmer · Slovenia
1177
-17
Irving Legend
6:43 Loom
9:38 Feudal Age
9:47 Man-at-Arms
10:14 Double-Bit Axe
22:11 Castle Age
20:53 Fletching
22:11 Scale Mail Armor
22:39 Forging
22:20 Pikeman
23:18 Chain Mail Armor
25:41 Squires
31:32 Bloodlines
33:42 Scale Barding Armor
35:39 Chain Barding Armor
36:20 Bloodlines
36:29 Devotion
37:06 Husbandry
38:55 Horse Collar
39:31 Bow Saw
40:30 Wheelbarrow
44:03 Imperial Age
42:09 Heavy Plow
44:40 Forging
45:23 Plate Barding Armor
44:10 Cavalier
45:19 Halberdier
47:48 Iron Casting
47:57 Conscription
rok.kalar
3:06 Loom
10:14 Feudal Age
12:11 Double-Bit Axe
19:54 Castle Age
20:12 Bloodlines
21:10 Husbandry
22:01 Scale Barding Armor
28:00 Horse Collar
29:01 Sanctity
29:14 Devotion
30:42 Forging
31:30 Wheelbarrow
32:55 Sanctity
33:42 Fletching
35:46 Hand Cart
36:15 Bodkin Arrow
39:12 Padded Archer Armor
39:33 Chain Barding Armor
40:31 Leather Archer Armor
40:37 Gold Mining
42:33 Ballistics
47:23 Imperial Age
46:30 Iron Casting
48:03 Tusk Swords
Connection lost

Rejoining the realm…

Still unreachable

The connection could not be restored.

Session expired

The server has moved on; the page needs a fresh start.